 Dungeon Crawl Stone Soup version 0.31.0-12-g77e489cdc1 (webtiles) character file.

Game seed: 11549600934864802865

383 Ashen the Shield-Bearer (level 7, -9/55 HPs)
             Began as a Formicid Fighter on Feb 16, 2024.
             Was an Initiate of Okawaru.
             Mangled by an orc warrior
             ... wielding a +0 trident
              (11 damage)
             ... on level 4 of the Dungeon.
             The game lasted 00:08:18 (3049 turns).

Ashen the Shield-Bearer (Formicid Fighter)          Turns: 3049, Time: 00:08:20

Health: -9/55      AC:  8    Str: 23    XL:     7   Next: 5%
Magic:  7/7        EV:  9    Int:  7    God:    Okawaru [......]
Gold:   116        SH:  5    Dex: 13    Spells: 6/6 levels left

rFire   . . .        a - +0 long sword
rCold   . . .        c - +0 buckler
rNeg    . . .        b - +0 scale mail
rPois   .            (helmet unavailable)
rElec   .            (no cloak)
rCorr   .            (no gloves)
SInv    +            f - +0 pair of boots
Will    .....        (no amulet) Stlth
                     (no ring)
HPRegen 0.29/turn    (no ring)
MPRegen 0.10/turn

%: no passive effects
@: no status effects
A: permanent stasis, dig shafts and tunnels, antennae 3, four strong arms
a: Dig, Shaft Self, Renounce Religion


You were on level 4 of the Dungeon.
You worshipped Okawaru.
Okawaru was noncommittal.
You visited 2 branches of the dungeon, and saw 5 of its levels.

You collected 116 gold pieces.

Inventory:

Hand Weapons
 a - a +0 long sword (weapon)
Armour
 b - a +0 scale mail (worn)
 c - a +0 buckler (worn)
 f - a +0 pair of boots (worn)
Scrolls
 e - a scroll of acquirement {unknown}
 g - a scroll of enchant weapon {unknown}
 j - a scroll of torment {unknown}
 k - 3 scrolls of teleportation {unknown}
 m - 3 scrolls of identify {unknown}
 n - a scroll of noise {unknown}
 p - 2 scrolls of amnesia {unknown}
 q - 2 scrolls of blinking {unknown}
 r - a scroll of enchant armour {unknown}
Potions
 d - a potion of might
 i - a potion of magic {unknown}
 l - a potion of enlightenment {unknown}
 o - a potion of lignification {unknown}


   Skills:
 + Level 4.9 Fighting
 + Level 3.8 Long Blades
 + Level 4.9 Armour
 + Level 5.9 Shields


You had 6 spell levels left.
You didn't know any spells.
Your spell library contained the following spells:

 Spells                   Type           Power      Damage    Failure   Level
 Arcjolt                  Conj/Air       0%         1d10      100%        5
 Plasma Beam              Fire/Air       0%         2x1d10    100%        6
 Vhi's Electric Charge    Tloc/Air       Unusable   N/A       N/A         4

Dungeon Overview and Level Annotations

Branches:
Dungeon (4/15)             Temple (1/1) D:4

Altars:
Cheibriados
Dithmenos
Elyvilon
Kikubaaqudgha
Makhleb
Okawaru
Trog
Uskayaw
Wu Jian
Yredelemnul
Zin
The Shining One


Innate Abilities, Weirdness & Mutations

You cannot be hasted, slowed, berserked, paralysed or teleported.
You can dig through walls and to a lower floor.
You have a pair of large antennae on your head. (SInv)
Your four strong arms can wield two-handed weapons with a shield.


Message History

The orc warrior is moderately wounded.
The orc warrior hits you but does no damage.
You hit the orc warrior.
The orc warrior is heavily wounded.
The orc warrior hits you with a +0 trident!
* * * LOW HITPOINT WARNING * * *
You hit the orc warrior.
The orc warrior is heavily wounded.
The orc warrior barely misses you.
You hit the orc warrior.
The orc warrior is severely wounded.
The orc warrior hits you with a +0 trident.
* * * LOW HITPOINT WARNING * * *
The orc warrior hits you but does no damage.
It was a potion of heal wounds.
You feel much better.
The orc warrior hits you with a +0 trident!
* * * LOW HITPOINT WARNING * * *
You feel much better.
The orc warrior hits you with a +0 trident!
You closely miss the orc warrior.
The orc warrior is severely wounded.
The orc warrior completely misses you.
You closely miss the orc warrior.
The orc warrior is severely wounded.
The orc warrior hits you with a +0 trident!
* * * LOW HITPOINT WARNING * * *
You barely miss the orc warrior.
The orc warrior is severely wounded.
The orc warrior hits you with a +0 trident!
* * * LOW HITPOINT WARNING * * *
You hit the orc warrior.
The orc warrior is almost dead.
The orc warrior closely misses you.
You closely miss the orc warrior.
The orc warrior is almost dead.
You block the orc warrior's attack. x2
You hit the orc warrior but do no damage.
The orc warrior is almost dead.
The orc warrior hits you with a +0 trident!
You die...

......=..###.........#..
..<......# ##.!.#......#
.......#.. #...#....#
.##....#.#. ##..#....# .
.....#.<.##...)....###..
.................
...#...###.###### .#
#...##.## ##
.....#@###..#
#.....#o#...#
......##o##.# ##..
#.#).# ###).8...#
......... #..###..#.
..#. .# ..# # #


You could see an orc warrior and an orc wizard (invisible).

Vanquished Creatures
  A centaur (D:3)
  A bombardier beetle (D:3)
  3 iron imps (D:3)
  An orc priest (D:4)
  3 gnolls (D:3)
  5 adders
  2 ribbon worms
  4 orcs (D:4)
  8 ball pythons
  8 bats
  8 endoplasms
  3 giant cockroaches
  3 goblins
  3 hobgoblins
  4 jackals
  2 quokkas
  6 frilled lizards
  5 kobolds
  4 rats
74 creatures vanquished.

Notes
Turn   | Place    | Note
-------+----------+-------------------------------------------
     0 | D:1      | Ashen the Formicid Fighter began the quest for the Orb.
     0 | D:1      | Reached XP level 1. HP: 18/18 MP: 1/1
   156 | D:1      | Reached XP level 2. HP: 12/24 MP: 2/2
   471 | D:1      | Reached XP level 3. HP: 29/29 MP: 3/3
  1443 | D:2      | Reached XP level 4. HP: 21/37 MP: 4/4
  1822 | D:3      | Found a snail-covered altar of Cheibriados.
  1853 | D:3      | Noticed a centaur
  1876 | D:3      | Killed a centaur
  1877 | D:3      | Reached skill level 5 in Shields
  1877 | D:3      | Reached XP level 5. HP: 13/43 MP: 5/5
  1938 | D:3      | Reached XP level 6. HP: 18/49 MP: 6/6
  1946 | D:3      | HP: 2/49 [poisoned by an adder]
  2500 | D:3      | Found a faded altar of an unknown god.
  2693 | D:3      | Found a burning altar of Makhleb.
  2918 | D:4      | Found a staircase to the Ecumenical Temple.
  2950 | Temple   | Entered the Ecumenical Temple
  2965 | Temple   | Became a worshipper of Warmaster Okawaru
  3004 | D:4      | Reached XP level 7. HP: 40/55 MP: 7/7
  3046 | D:4      | HP: 1/55 [orc warrior/+0 trident (8)]
  3049 | D:4      | Mangled by an orc warrior

Illustrated notes

Levels and vault maps discovered:
D:1:      roadster_arrival_rocket_small, layout_loops_ring
D:2:      layout_loops_ring
D:3:      layout_rooms, slow_altar_1, demons_altar,
          shapermc_ecumenical_altar_mp_vishouse
D:4:      layout_cave_pools, minmay_temple_entry_slanted,
          guppyfry_early_orc_mine
Temple:   eino_wide_crystal_templ

Skill      XL: |  1  2  3  4 |
---------------+-------------+-----
Fighting       | 4 |  4.9
Armour         | 4 |  4.9
Long Blades    | 3 |  3.8
Shields        | 5 |  5.9

Action                     |  1- 3 |  4- 6 |  7- 9 || total
---------------------------+-------+-------+-------++-------
  Melee: Long sword        |   124 |   176 |    20 ||   320
Ability: Dig               |     2 |       |       ||     2
    Use: Potion            |       |       |     2 ||     2
 Armour: Scale mail        |   106 |   147 |    19 ||   272
  Dodge: Dodged            |    78 |    92 |     7 ||   177
  Block: Buckler           |    44 |    61 |     4 ||   109
